 Dungeon Crawl Stone Soup version 0.30.1-4-g462c640d31 (webtiles) character file.

Game seed: 2231428693064381157

25 monsoonserge the Trooper (level 2, -1/24 HPs)
             Began as a Demonspawn Monk on Sept 13, 2023.
             Slain by Terence
             ... wielding a +1 heavy trident
              (10 damage)
             ... on level 2 of the Dungeon.
             The game lasted 00:01:33 (835 turns).

monsoonserge the Trooper (Demonspawn Monk)           Turns: 835, Time: 00:01:34

Health: -1/24      AC:  9    Str: 11    XL:     2   Next: 86%
Magic:  2/2        EV:  9    Int: 11    God:
Gold:   67         SH:  0    Dex: 15    Spells: 1/1 levels left

rFire   . . .        a - +0 falchion
rCold   . . .        d - orb {light}
rNeg    . . .        l - +0 scale mail
rPois   .            (no helmet)
rElec   .            (no cloak)
rCorr   .            (no gloves)
SInv    .            f - +0 pair of boots
Will    .....        (no amulet) Stlth
                     (no ring)
HPRegen 0.24/turn    (no ring)
MPRegen 0.08/turn

%: no passive effects
@: glowing
A: thin metallic scales 1
a: no special abilities


You were on level 2 of the Dungeon.
You visited 1 branch of the dungeon, and saw 2 of its levels.

You collected 67 gold pieces.

Inventory:

Hand Weapons
 a - a +0 falchion (weapon)
Armour
 b - a +0 robe
 d - an orb of light (worn)
 f - a +0 pair of boots (worn)
 l - a +0 scale mail (worn)
Scrolls
 e - a scroll of magic mapping {unknown}
 h - a scroll of summoning {unknown}
 i - 2 scrolls of noise {unknown}
 k - a scroll of fear {unknown}
Potions
 c - a potion of ambrosia
 g - a potion of cancellation {unknown}
 j - 2 potions of curing {unknown}


   Skills:
 + Level 3.3 Fighting
 + Level 3.2 Long Blades
 + Level 3.0 Dodging


You had one spell level left.
You didn't know any spells.
Your spell library contained the following spells:

 Spells                   Type           Power      Damage    Failure   Level
 Call Canine Familiar     Summ           0%         N/A       100%        3
 Portal Projectile        Hex/Tloc       0%         N/A       100%        3
 Summon Guardian Golem    Hex/Summ       0%         N/A       100%        3
 Leda's Liquefaction      Hex/Erth       0%         N/A       100%        4
 Summon Lightning Spire   Summ/Air       0%         N/A       100%        4
 Orb of Destruction       Conj           0%         9d5       100%        7
 Spellforged Servitor     Conj/Summ      0%         N/A       100%        7
 Storm Form               Tmut/Air       0%         N/A       100%        7
 Maxwell's Capacitive Co  Air            0%         ∞         100%        8


Dungeon Overview and Level Annotations

Branches:
Dungeon (2/15)

Altars:

Annotations:
D:2 Terence


Innate Abilities, Weirdness & Mutations

You are partially covered in thin metallic scales. (AC +2)


Message History

Okay, then.
j - 2 emerald potions (gained 1)
There are no items here.
Found a scale mail.
You see here a +0 scale mail.
l - a +0 scale mail You start removing your armour.
You continue taking off your +0 robe. x4
You finish taking off your +0 robe.
You start putting on your armour.
You continue putting on your +0 scale mail. x5
You finish putting on your +0 scale mail.
You open the door.
There is an open door here.
Done exploring.
Done exploring.
There is a stone staircase leading down here.
You climb downwards.
Terence shouts!
Found a stone staircase leading down.
There is a stone staircase leading up here.
You hit Terence.
Terence is lightly wounded.
Terence hits you with a +1 heavy trident.
You hit Terence but do no damage.
Terence is lightly wounded.
You hit Terence but do no damage.
Terence is lightly wounded.
Terence hits you but does no damage.
You hit Terence but do no damage.
Terence is lightly wounded.
Terence barely misses you.
You hit Terence.
Terence is moderately wounded.
Terence hits you with a +1 heavy trident!
You hit Terence but do no damage.
Terence is moderately wounded.
You hit Terence.
Terence is moderately wounded.
Terence hits you with a +1 heavy trident!
You die...

.. .# .# .# #
.###.##
#.#####.......
#....@......#
#@# #.# #>#
#.# #.# #.#
#.# #.#


You could see Terence.

Vanquished Creatures
  2 dart slugs (D:1)
  A ball python (D:1)
  3 endoplasms (D:1)
  A giant cockroach (D:1)
  3 goblins (D:1)
  A hobgoblin (D:1)
  6 bats (D:1)
  A kobold (D:1)
18 creatures vanquished.

Notes
Turn   | Place    | Note
-------+----------+-------------------------------------------
     0 | D:1      | monsoonserge the Demonspawn Monk began the quest for the
                  | Orb.
     0 | D:1      | Reached XP level 1. HP: 18/18 MP: 1/1
    92 | D:1      | Gained mutation: You are partially covered in thin metallic
                  | scales. (AC +2) [demonic ancestry]
    92 | D:1      | Reached XP level 2. HP: 24/24 MP: 2/2
   703 | D:1      | Found a faded altar of an unknown god.
   828 | D:2      | Noticed Terence
   835 | D:2      | Slain by Terence

Illustrated notes

Levels and vault maps discovered:
D:1:      dpeg_arrival_simpleton_a, layout_loops_corners,
          dreamdust_ecumenical_altar_statues, minmay_tetromino_l4
D:2:      minmay_skewed_foursquare, layout_loops_ring, uniq_terence

Skill      XL: |  1  2 |
---------------+-------+-----
Long Blades    | 3 |  3.2
Dodging        | 3 |  3.0
Fighting       | |  3.3

Action                     || total
---------------------------++-------
  Melee: Falchion          ||    47
 Armour: Robe              ||    12
         Scale mail        ||     1
  Dodge: Dodged            ||    42
